 Dungeon Crawl Stone Soup version 0.21-a0-634-gaf8bc5d (webtiles) character file.

49 Amnesiac the Chucker (level 3, -1/27 HPs)
             Began as a Demonspawn Hunter on Dec 30, 2017.
             Killed by divine providence
             ... invoked by an orc priest
              (11 damage)
             ... on level 2 of the Dungeon.
             The game lasted 00:02:26 (671 turns).

Amnesiac the Chucker (Demonspawn Hunter)             Turns: 671, Time: 00:02:27

Health: -1/27      AC:  7    Str: 13    XL:     3   Next: 53%
Magic:  3/3        EV:  9    Int: 12    God:
Gold:   142        SH:  0    Dex: 13    Spells: 2/2 levels left

rFire    . . .     SeeInvis .   m - +1 short sword (elec)
rCold    . . .     Gourm    .   (no shield)
rNeg     . . .     Faith    .   q - +0 scale mail
rPois    .         Spirit   .   (no helmet)
rElec    .         Reflect  .   (no cloak)
rCorr    +         Harm     .   (no gloves)
MR       .....                  o - +0 pair of boots
Stlth    ..........             (no amulet)
HPRegen  0.09/turn              p - ring of resist corrosion
MPRegen  0.08/turn              (no ring)

@: lethally poisoned (-1 -> -3)
A: talons 1, spiny 1
a: no special abilities


You were on level 2 of the Dungeon.
You were not hungry.

You visited 1 branch of the dungeon, and saw 2 of its levels.

You collected 142 gold pieces.

Inventory:

Hand Weapons
 m - a +1 short sword of electrocution (weapon)
Missiles
 c - 6 javelins (quivered)
 d - a throwing net
 j - 55 stones
Armour
 o - a +0 pair of boots (worn)
 q - a +0 scale mail (worn)
Jewellery
 p - a ring of resist corrosion (left hand)
Scrolls
 a - 3 scrolls of remove curse {!r}
 g - a scroll of fog {!r, unknown}
 k - a scroll of enchant weapon {!r, unknown}
 l - a scroll of enchant armour {!r, unknown}
 r - a scroll of teleportation {!r, unknown}
Potions
 e - a potion of mutation {!q, unknown}
 h - a potion of brilliance {!q, unknown}
 n - 2 potions of agility {!q, unknown}
Comestibles
 f - a ration
 i - a chunk of flesh


   Skills:
 - Level 2.0 Fighting
 + Level 4.8 Throwing
 - Level 1.7 Dodging
 - Level 0.8 Stealth


You had 2 spell levels left.
You didn't know any spells.

Dungeon Overview and Level Annotations

Branches:
Dungeon (2/15)

Altars:
Qazlal


Innate Abilities, Weirdness & Mutations

You have sharp toenails.
You are partially covered in sharp spines.


Message History

j - 55 stones (gained 3)
You see here a kobold corpse.
r - a scroll labeled MES ESODWUNEI {!r} No target in view!
A goblin comes into view.
The goblin shouts!
You hear a shout!
A rat comes into view.
There are monsters nearby!
An orc and an orc priest come into view.
The orc is wielding a flail of draining.
The orc shouts!
The orc priest shouts!
You hear a shout! x2
An orc priest comes into view.
There are monsters nearby!
A hobgoblin and an orc come into view.
The hobgoblin shouts!
The orc shouts!
The orc priest miscasts a cantrip.
The goblin is struck by your spines. The goblin hits you but does no damage.
The rat is struck by your spines.
You kill the rat!
Some of the chunks of flesh in your inventory have rotted away.
Found a ration.
A worm and an orc come into view.
There are monsters nearby!
You closely miss the goblin.
The goblin is heavily wounded.
The orc shouts!
You hear a shout!
The goblin is struck by your spines.
You kill the goblin!
You hit the hobgoblin but do no damage. The hobgoblin is struck by your spines.
The hobgoblin barely misses you.
You hit the hobgoblin but do no damage.
The hobgoblin is severely wounded.
The hobgoblin hits you with a club.
An adder comes into view.
The adder barely misses you.
You puncture the adder!
The adder is severely wounded.
The adder bites you.
You are poisoned.
The adder poisons you!
The hobgoblin hits you but does no damage.
Really read
a - 4 scrolls labeled KYUVIBR BOYNT {!r}?
As you read the scroll labeled KYUVIBR BOYNT {!r}, it crumbles to dust.
You feel blessed for a moment.
It was a scroll of remove curse {!r}.
You feel sick. The adder is struck by your spines. The adder barely misses you.
The hobgoblin closely misses you. The adder is struck by your spines.
The adder bites you but does no damage.
Really read
b - a scroll labeled PEFAVE CIEMMEY {!r}?
As you read the scroll labeled PEFAVE CIEMMEY {!r}, it crumbles to dust.
You feel aware of your surroundings.
You sensed 2 altars.
It was a scroll of magic mapping {!r}.
The adder is struck by your spines.
You kill the adder!
The hobgoblin closely misses you.
Okay, then.
You see here an adder corpse.
You feel sick.
The orc priest looks braver for a moment.
You feel sick.
The orc priest calls down the wrath of Beogh upon you.
Pain shoots through your body!
* * * LOW HITPOINT WARNING * * *
The orc priest calls down the wrath of Beogh upon you.
Beogh smites you!
You die...

#.###)....).# #..
#...........###### #.#
#####............# #,*
#............# #,*
#............# #.#
#............# #..
#............# #>#
#.####...>...# #,* #@# #.......#
*,* ####.# ####.#### *,*
#....#######.######,*
#.#g#.....÷.........* ***
#.._..#.##.#.#####..* *,*******
###.###.##†#.##...,,* ,,,,,,,,*
#o.##.........#*,**
,,,,,,*,***** ##.###.#.#..####,*
,,,**,,,,,,,***#†###.#.#......,*


You could see an orc priest and a hobgoblin.

Vanquished Creatures
  An adder (D:2)
  3 dart slugs (D:1)
  A ball python (D:2)
  3 goblins
  8 hobgoblins (D:1)
  3 jackals (D:1)
  3 bats
  8 kobolds
  3 rats
  2 fungi (D:1)
35 creatures vanquished.

Notes
Turn   | Place    | Note
-------+----------+-------------------------------------------
     0 | D:1      | Amnesiac the Demonspawn Hunter began the quest for the Orb.
     0 | D:1      | Reached XP level 1. HP: 16/16 MP: 1/1
    78 | D:1      | Reached skill level 4 in Throwing
    82 | D:1      | Gained mutation: You are partially covered in sharp spines. [demonic ancestry]
    82 | D:1      | Reached XP level 2. HP: 19/22 MP: 2/2
   411 | D:1      | Gained mutation: You have sharp toenails. [demonic ancestry]
   411 | D:1      | Reached XP level 3. HP: 27/27 MP: 3/3
   629 | D:2      | Found a stormy altar of Qazlal.
   671 | D:2      | Killed from afar by an orc priest

Vault maps used:
D:1:      grunt_arrival_lava_bath, minmay_gold_behind_fungi
D:2:      lemuel_crystal_altar, old_standard_altar, trog_three_pillars_becter,
          uniq_robin

Skill      XL: |  1 |
---------------+----+-----
Throwing       | 4 |  4.8
Fighting       | |  2.0
Dodging        | |  1.7
Stealth        | |  0.8

Action                   || total
-------------------------++-------
Melee: Short sword       ||    81
Throw: Javelin           ||    12
       Throwing net      ||     2
  Use: Scroll            ||     2
Armor: Leather armour    ||    16
       Scale mail        ||     6
Dodge: Dodged            ||    36

Table legend:
 A = Spawn XP
 B = Non-spawn XP
 C = Spawn XP percentage of total XP
 D = Spawn monster count
 E = Non-spawn monster count
 F = Spawn count percentage of total count
 G = Total turns spent on level
                    A         B        C        D         E        F      G
               +---------+---------+-------+---------+---------+-------+---------
         Total |       0 |      71 |   0.0 |       0 |      33 |   0.0 |   671
               +---------+---------+-------+---------+---------+-------+---------
           D:1 |       0 |      49 |   0.0 |       0 |      25 |   0.0 |   539
           D:2 |       0 |      22 |   0.0 |       0 |       8 |   0.0 |   132
               +---------+---------+-------+---------+---------+-------+---------
